 Dungeon Crawl Stone Soup version 0.25.1-8-g42b30a86e7 (webtiles) character file.

Game seed: 13170656582721857042

23 Clowwww the Skirmisher (level 2, -3/24 HPs)
             Began as a Demonspawn Abyssal Knight on Dec 19, 2020.
             Was a Follower of Lugonu.
             Slain by a hound (4 damage)
             ... on level 2 of the Dungeon.
             The game lasted 00:03:13 (1061 turns).

Clowwww the Skirmisher (Demonspawn Abyssal Knight)  Turns: 1061, Time: 00:03:14

Health: -3/24      AC:  5    Str: 12    XL:     2   Next: 75%
Magic:  3/3        EV:  8    Int: 13    God:    Lugonu [*.....]
Gold:   27         SH:  7    Dex: 12    Spells: 1/1 levels left

rFire    . . .     SeeInvis .   a - +1 hand axe
rCold    + + .     Gourm    .   d - +1 kite shield {rC+}
rNeg     . . .     Faith    .   b - +0 leather armour
rPois    .         Spirit   .   (no helmet)
rElec    .         Reflect  .   (no cloak)
rCorr    .         Harm     .   (no gloves)
MR       .....                  (no boots)
Stlth    +.........             (no amulet)
HPRegen  0.08/turn              g - ring of protection from cold
MPRegen  0.08/turn              (no ring)

@: no status effects
A: icy blue scales 1
a: Depart the Abyss, Renounce Religion


You were on level 2 of the Dungeon.
You worshipped Lugonu.
Lugonu was aware of your devotion.
You were hungry.

You visited 1 branch of the dungeon, and saw 2 of its levels.
You visited the Abyss 1 time.

You collected 27 gold pieces.

Inventory:

Hand Weapons
 a - a +1 hand axe (weapon)
Missiles
 o - 2 throwing nets (quivered)
Armour
 b - a +0 leather armour (worn)
 d - a +1 kite shield of cold resistance (worn)
Jewellery
 g - a ring of protection from cold (left hand)
Scrolls
 j - a scroll of remove curse
 k - 2 scrolls of fog
 m - a scroll of teleportation
 s - a scroll of fear
Potions
 e - 2 potions of ambrosia
 f - a potion of lignification {unknown}
 h - 3 potions of curing {unknown}
 i - a potion of invisibility {unknown}
 p - a potion of haste {unknown}
 r - 2 potions of might {unknown}
Comestibles
 c - 2 rations


   Skills:
 + Level 3.6 Fighting
 + Level 2.0 Axes
 + Level 1.9 Armour
 + Level 1.0 Dodging
 + Level 2.6 Invocations


You had one spell level left.
You didn't know any spells.
Your spell library was empty.

Dungeon Overview and Level Annotations

Branches:
Dungeon (2/15)

Altars:

Annotations:
D:2 Robin


Innate Abilities, Weirdness & Mutations

You are partially covered in icy blue scales. (AC +2)


Message History

The hound bites you. The hound bites you but does no damage.
You closely miss the hound.
The hound is severely wounded.
The hound bites you.
* * * LOW HITPOINT WARNING * * *
You block the hound's attack.
You hit the hound.
The hound is almost dead.
The hound bites you.
* * * LOW HITPOINT WARNING * * *
The hound barely misses you.
You barely miss the hound.
The hound is almost dead.
The hound bites you.
* * * LOW HITPOINT WARNING * * *
The hound bites you but does no damage.
You miss the hound.
The hound is almost dead.
You block the hound's attack. The hound bites you.
You die...

.. #. #. #. #.
#.###########
#.h.........#
#.@########.#
#....########.#######
#....................
#....#########.######
###### #<......
########


You could see a hound.

Vanquished Creatures
  A dart slug (D:1)
  A ball python (D:1)
  9 bats
  2 goblins (D:1)
  3 hobgoblins (D:1)
  3 frilled lizards
  2 kobolds (D:1)
21 creatures vanquished.

Notes
Turn   | Place    | Note
-------+----------+-------------------------------------------
     0 | Abyss:1  | Clowwww the Demonspawn Abyssal Knight began the quest for
                  | the Orb.
     0 | Abyss:1  | Reached XP level 1. HP: 18/18 MP: 2/2
    59 | Abyss:1  | Noticed a small abomination
    61 | Abyss:1  | Noticed a large abomination
    64 | D:1      | Escaped the Abyss
   473 | D:1      | Gained mutation: You are partially covered in icy blue
                  | scales. (AC +2) [demonic ancestry]
   473 | D:1      | Reached XP level 2. HP: 21/24 MP: 3/3
   582 | D:1      | Reached * piety under Lugonu
   698 | D:1      | Reached skill level 1 in Dodging
  1003 | D:2      | Noticed Robin
  1060 | D:2      | HP: 1/24 [hound (3)]
  1061 | D:2      | Slain by a hound

Illustrated notes

Levels and vault maps discovered:
D:1:      tarquinn_simple_flora_water_e, layout_basic
D:2:      layout_loops_ring, minmay_misc_feat_rows, uniq_robin

Skill      XL: |  1  2 |
---------------+-------+-----
Dodging        | 1 |  1.0
Axes           | 2 |  2.0
Fighting       | |  3.6
Armour         | |  1.9
Invocations    | |  2.6

Action                   || total
-------------------------++-------
Melee: Hand axe          ||    68
Invok: Depart the Abyss  ||     1
  Use: Scroll            ||     6
Armor: Leather armour    ||    34
Dodge: Dodged            ||    36
Block: Kite shield       ||    34
